 Dungeon Crawl Stone Soup version 0.28.0-45-g0d030f2227 (webtiles) character file.

Game seed: 10951418883735647154

16 Iusername the Skirmisher (level 2, 0/24 HPs)
             Began as a Mummy Cinder Acolyte on Apr 5, 2022.
             Was a High Priest of Ignis.
             Slain by a kobold
             ... wielding a +0 whip
              (5 damage)
             ... on level 1 of the Dungeon.
             The game lasted 00:02:30 (989 turns).

Iusername the Skirmisher (Mummy Cinder Acolyte)      Turns: 989, Time: 00:02:31

Health: 0/24       AC:  2    Str: 17    XL:     2   Next: 41%
Magic:  4/4        EV: 11    Int: 13    God:    Ignis [*****.]
Gold:   15         SH:  0    Dex:  7    Spells: 3/3 levels left

rFire   . . .      SeeInvis .   a - -1 short sword (flame)
rCold   + . .      Faith    .   (no shield)
rNeg    + + +      Spirit   .   b - +0 robe
rPois   ∞          Reflect  .   (no helmet)
rElec   .          Harm     .   (no cloak)
rCorr   .          Rampage  .   (no gloves)
Will    .....                   (no boots)
Stlth   +.........              (no amulet)
HPRegen 0.08/turn               (no ring)
MPRegen 0.09/turn               (no ring)

@: no status effects
A: cold resistance 1, negative energy resistance 3, torment resistance 2, heat
vulnerability 1, no potions
a: Renounce Religion, Fiery Armour, Foxfire Swarm, Rising Flame


You were on level 1 of the Dungeon.
You worshipped Ignis.
Ignis was extremely pleased with you.
You visited 1 branch of the dungeon, and saw 1 of its levels.

You collected 15 gold pieces.

Inventory:

Hand Weapons
 a - a -1 short sword of flaming (weapon)
Armour
 b - a +0 robe (worn)
 f - a +0 robe
Scrolls
 c - a scroll of identify {unknown}
 d - a scroll of noise {unknown}
 e - 2 scrolls of teleportation {unknown}
 g - a scroll of amnesia (quivered) {unknown}
 h - a scroll of enchant weapon {unknown}


   Skills:
 + Level 3.2 Fighting
 + Level 2.9 Short Blades
 + Level 1.3 Spellcasting
 + Level 2.5 Fire Magic


You had 3 spell levels left.
You didn't know any spells.
Your spell library contained the following spells:

 Spells                   Type           Power      Damage    Failure   Level
 Scorch                   Fire           14%        2d6       14%         2
 Dispersal                Tloc           0%         N/A       100%        6
 Disjunction              Tloc           0%         N/A       100%        8


Dungeon Overview and Level Annotations

Branches:
Dungeon (1/15)

Altars:


Innate Abilities, Weirdness & Mutations

You are immune to poison.
Your flesh is cold resistant. (rC+)
You are immune to negative energy. (rN+++)
You are immune to unholy pain and torment.
You are vulnerable to heat. (rF-)
You do not drink.


Message History

a +0 whip; 2 stones
Found a stone staircase leading down.
e - 2 scrolls labelled XELOH SYTRAZU (gained 1)
Found a dagger.
A giant cockroach and a kobold come into view.
Found a fuming yellow potion.
The kobold shouts!
An endoplasm comes into view.
A giant cockroach comes into view.
The endoplasm quivers.
The giant cockroach completely misses you.
The giant cockroach bites you. The giant cockroach barely misses you.
You barely miss the giant cockroach. The giant cockroach barely misses you.
You hit the giant cockroach. You burn the giant cockroach.
You kill the giant cockroach!
The kobold closely misses you.
You barely miss the endoplasm. The kobold barely misses you.
The endoplasm hits you but does no damage.
You hit the endoplasm but do no damage. The kobold hits you with a +0 whip.
The endoplasm freezes you.
You are frozen.
You resist.
You barely miss the endoplasm. The kobold hits you with a +0 whip.
The endoplasm hits you.
You hit the endoplasm but do no damage. The kobold hits you with a +0 whip.
The endoplasm closely misses you.
You hit the endoplasm but do no damage. The giant cockroach closely misses you.
The kobold closely misses you. The endoplasm misses you.
The giant cockroach closely misses you.
You hit the giant cockroach but do no damage.
The kobold hits you but does no damage. The endoplasm hits you.
* * * LOW HITPOINT WARNING * * *
The giant cockroach barely misses you.
You closely miss the giant cockroach. The kobold hits you but does no damage.
The giant cockroach closely misses you. The endoplasm hits you.
* * * LOW HITPOINT WARNING * * *
You hit the giant cockroach. You burn the giant cockroach.
The giant cockroach is heavily wounded.
The kobold hits you with a +0 whip.
You die...

#......#.......# #...# #
#.####.#.......#####.###
###.#
#..(..###.##......########
....#
###.##....##..###........>
##### #.##.##.....#
#.#######.
#.##.##.##..###.#
........##......#
.###.#KB##.....## .
#...J@#####.## .#.....#.#
#.# ##!#)##.# ###.### ..
## ..# #.....# # ##.#
#.....# #.# #.....# ..#
#.....# .## #.....# #
#######


You could see an endoplasm, a giant cockroach and a kobold.

Vanquished Creatures
  A dart slug (D:1)
  3 endoplasms (D:1)
  A giant cockroach (D:1)
  A goblin (D:1)
  A hobgoblin (D:1)
  2 kobolds (D:1)
  A ball python (D:1)
  2 bats (D:1)
  A frilled lizard (D:1)
13 creatures vanquished.

Notes
Turn   | Place    | Note
-------+----------+-------------------------------------------
     0 | D:1      | Iusername the Mummy Cinder Acolyte began the quest for the
                  | Orb.
     0 | D:1      | Reached XP level 1. HP: 18/18 MP: 2/2
   285 | D:1      | Reached XP level 2. HP: 16/24 MP: 4/4
   989 | D:1      | Slain by a kobold

Illustrated notes

Levels and vault maps discovered:
D:1:      minmay_arrival_widening_spiral_wide, layout_loops_cross, minmay_tall_x

Action                   || total
-------------------------++-------
Melee: Short sword       ||    37
       Punch             ||     1
Armor: Robe              ||    20
Dodge: Dodged            ||    58
